 Dungeon Crawl Stone Soup version 0.21-a0-283-g622b906 (webtiles) character file.

403 nikopol the Magician (level 6, 0/28 HPs)
             Began as a Spriggan Conjurer on Sept 24, 2017.
             Slain by Pikel
             ... wielding a +2 whip of flaming
              (4 damage)
             ... on level 4 of the Dungeon.
             The game lasted 00:22:41 (5493 turns).

nikopol the Magician (Spriggan Conjurer)            Turns: 5493, Time: 00:22:42

Health: 0/28       AC:  3    Str:  4    XL:     6   Next: 55%
Magic:  0/15       EV: 19    Int: 19    God:
Gold:   221        SH:  0    Dex: 16    Spells: 9/16 levels left

rFire    . . .     SeeInvis +   k - +1 dagger (elec)
rCold    . . .     Gourm    .   (shield restricted)
rNeg     . . .     Faith    .   a - +0 robe
rPois    .         Spirit   .   (helmet restricted)
rElec    .         Reflect  .   q - +0 cloak
rCorr    .         Harm     .   (gloves unavailable)
MR       +....                  (boots unavailable)
Stlth    +++.......             (no amulet)
HPRegen  0.09/turn              (no ring)
MPRegen  0.14/turn              (no ring)

@: very quick
A: unfitting armour, see invisible, herbivore 3, speed 3, slow metabolism 2
a: no special abilities


You were on level 4 of the Dungeon.
You were near starving.

You visited 1 branch of the dungeon, and saw 4 of its levels.

You collected 221 gold pieces.

Inventory:

Hand Weapons
 k - a +1 dagger of electrocution (weapon)
Armour
 a - a +0 robe (worn)
 p - a +0 helmet
 q - a +0 cloak (worn)
Jewellery
 i - a cursed -6 ring of dexterity {unknown}
 m - an uncursed ring of protection from magic {unknown}
 r - a +2 ring of slaying {unknown}
Wands
 w - a wand of iceblast (6/15)
Scrolls
 d - 3 scrolls of remove curse {unknown}
 e - a scroll of random uselessness {unknown}
 f - a scroll of identify {unknown}
 j - a scroll of blinking {unknown}
 l - a scroll of recharging {unknown}
 o - a scroll of immolation {unknown}
 s - 2 scrolls of fear {unknown}
 t - 2 scrolls of teleportation {unknown}
 v - 2 scrolls of enchant weapon {unknown}
 x - a scroll of amnesia {unknown}
Potions
 g - a potion of mutation {unknown}
 h - a potion of might {unknown}
 n - 2 potions of curing
 u - a potion of agility {unknown}
Books
 b - a book of Conjurations

   Spells                             Type                      Level
   a - Magic Dart                     Conjuration                  1
   b - Searing Ray                    Conjuration                  2
   c - Dazzling Spray                 Conjuration/Hexes            3
   d - Fulminant Prism                Conjuration/Hexes            4
   e - Force Lance                    Conjuration/Translocation    4
   f - Iskenderun's Mystic Blast      Conjuration                  4
Comestibles
 c - 4 bread rations


   Skills:
 + Level 4.0 Dodging
 + Level 4.5 Stealth
 + Level 5.8 Spellcasting
 + Level 4.4 Conjurations


You had 9 spell levels left.
You knew the following spells:

 Your Spells              Type           Power        Failure   Level  Hunger
a - Magic Dart            Conj           ###.         1%          1    None
b - Searing Ray           Conj           ###...       2%          2    None
c - Iskenderun's Mystic   Conj           ###.....     19%         4    ####...


Dungeon Overview and Level Annotations

Branches:
Dungeon (4/15)
 Temple: D:4-7

Altars:
Dithmenos
Fedhas
Kikubaaqudgha
Okawaru
Trog
Vehumet

Annotations:
D:4 Pikel


Innate Abilities, Weirdness & Mutations

You are very small and have problems with some larger weapons.
You are too small for most types of armour.
You have supernaturally acute eyesight. (SInv)
You are a herbivore.
You cover ground extremely quickly.
You need consume almost no food.


Message History

The searing ray hits Pikel.
Pikel is almost dead. (Press . to maintain the ray.) Pikel hits you with a whip of flaming.
Pikel burns you.
The searing ray hits Pikel.
Pikel is almost dead.
Pikel hits you with a whip of flaming.
* * * LOW HITPOINT WARNING * * *
Pikel burns you.
* * * LOW HITPOINT WARNING * * *
You hit Pikel but do no damage.
Pikel is almost dead.
Pikel closely misses you.
You hit Pikel but do no damage.
Pikel is almost dead.
Pikel misses you.
You hit Pikel but do no damage.
Pikel is almost dead.
Pikel hits you with a whip of flaming.
You die...

#.# #...# ..#
#.[.######### ###
#...#.......#
#########...#.#####.#
##..................#
....................#
K#..................#
.########...#.......#
.# #........@#### ##
#....#.#K.####
#....#.......#
#......#..##.# .
#......#..##.#
...#......#.....
#..........###.
......##........#
##........######


You could see Pikel.

Vanquished Creatures
  An eye of draining (D:4)
  A centaur skeleton (D:4)
  Terence (D:2)
  Natasha (thrice) (D:2)
  An iguana (D:4)
  Robin (D:3)
  2 gnolls (D:4)
  2 adders
  3 oozes
  An adder skeleton (D:4)
  A worm (D:2)
  4 leopard geckos
  3 orcs (D:3)
  2 ball pythons
  7 bats
  2 giant cockroaches
  15 goblins
  14 hobgoblins
  6 jackals
  2 quokkas (D:3)
  4 frilled lizards
  5 kobolds
  10 rats
  A rat zombie (D:4)
92 creatures vanquished.

Vanquished Creatures (others)
  A quokka (D:2)
1 creature vanquished.

Grand Total: 93 creatures vanquished

Notes
Turn   | Place    | Note
-------+----------+-------------------------------------------
     0 | D:1      | nikopol the Spriggan Conjurer began the quest for the Orb.
     0 | D:1      | Reached XP level 1. HP: 9/9 MP: 5/5
   328 | D:1      | Reached XP level 2. HP: 13/13 MP: 0/6
   750 | D:1      | Reached skill level 3 in Spellcasting
  1100 | D:1      | Reached XP level 3. HP: 16/16 MP: 1/8
  1161 | D:1      | Learned a level 2 spell: Searing Ray
  1423 | D:2      | Noticed Terence
  1539 | D:2      | Noticed Natasha
  1544 | D:2      | Killed Natasha
  1728 | D:2      | Killed Terence
  1728 | D:2      | Reached XP level 4. HP: 21/21 MP: 3/10
  2014 | D:2      | Found a radiant altar of Vehumet.
  2189 | D:2      | Reached skill level 4 in Spellcasting
  2315 | D:2      | Noticed Natasha
  2326 | D:2      | Killed Natasha
  2646 | D:2      | Reached XP level 5. HP: 24/24 MP: 10/12
  2774 | D:2      | Noticed Natasha
  2779 | D:2      | Killed Natasha
  3055 | D:2      | Learned a level 4 spell: Iskenderun's Mystic Blast
  3406 | D:3      | Noticed Robin
  3598 | D:3      | Killed Robin
  4143 | D:4      | Found a shadowy altar of Dithmenos.
  4159 | D:4      | Found a blossoming altar of Fedhas.
  4186 | D:4      | Reached skill level 5 in Spellcasting
  4186 | D:4      | Reached XP level 6. HP: 28/28 MP: 5/14
  4316 | D:4      | Found an ancient bone altar of Kikubaaqudgha.
  4514 | D:4      | Found a bloodstained altar of Trog.
  5163 | D:4      | Noticed Pikel
  5433 | D:4      | Found an iron altar of Okawaru.
  5493 | D:4      | Slain by Pikel

Vault maps used:
D:1:      dpeg_arrival_shelter, serial_park_tiny_pond, minivault_19
D:2:      fiery_altar_vehumet, uniq_terence, uniq_natasha
D:3:      first_bread, uniq_robin
D:4:      lemuel_zombie_altar_kikubaaqudgha, lemuel_coloured_pillars_altar,
          minitemple, fedhas_altar_1, trog_eyes_of_draining, serial_bayou,
          serial_bayou_shore_b, serial_bayou_pond_a, serial_bayou_pond_a,
          nicolae_dithmenos_through_a_glass_darkly, uniq_pikel

Skill      XL: |  1  2  3  4  5 |
---------------+----------------+-----
Conjurations   | 3 4 |  4.4
Spellcasting   | 3 4 5 |  5.8
Stealth        | 4 |  4.5
Dodging        | 4 |  4.0

Action                   |  1- 3 |  4- 6 || total
-------------------------+-------+-------++-------
Melee: Dagger            |    22 |     3 ||    25
 Cast: Magic Dart        |    77 |   154 ||   231
       Searing Ray       |     3 |    17 ||    20
 Stab: Sleeping          |     2 |       ||     2
Armor: Robe              |     4 |     2 ||     6
Dodge: Dodged            |    62 |    55 ||   117

Table legend:
 A = Spawn XP
 B = Non-spawn XP
 C = Spawn XP percentage of total XP
 D = Spawn monster count
 E = Non-spawn monster count
 F = Spawn count percentage of total count
 G = Total turns spent on level
                    A         B        C        D         E        F      G
               +---------+---------+-------+---------+---------+-------+---------
         Total |       0 |     577 |   0.0 |       0 |      92 |   0.0 |  5493
               +---------+---------+-------+---------+---------+-------+---------
           D:1 |       0 |      46 |   0.0 |       0 |      26 |   0.0 |  1570
           D:2 |       0 |     202 |   0.0 |       0 |      29 |   0.0 |  1613
           D:3 |       0 |      76 |   0.0 |       0 |      27 |   0.0 |   796
           D:4 |       0 |     253 |   0.0 |       0 |      10 |   0.0 |  1514
               +---------+---------+-------+---------+---------+-------+---------
